AoeStats
← CazadorGT

Arabia

505919858Analyzed
3v3 RM · 22d ago on Sep 11, 2026· 55m 24s· 6 players
Game mode
Random Map
Map size
Normal (6 player)
Population
200
Speed
Normal
Resources
Standard
Victory
Conquest
Starting age
Dark Age
Ending age
Imperial Age
RankedLock teamsTeams togetherTeam positionsShared explorationLock speedFull tech treeHidden civsTurbo modeCheats
Victory
Defeat
🇨🇿 Vietnamese · Czechia
1105
+11
🇨🇿 Wei · Czechia
1085
+12
🇨🇿 Franks · Czechia
1042
+13
🇬🇹 Huns · Guatemala
1036
-13
980
-12
🇮🇹 Slavs · Italy
951
-11
skajel
7:18 Loom
9:59 Feudal Age
10:32 Double-Bit Axe
13:45 Wheelbarrow
15:34 Horse Collar
23:17 Castle Age
25:28 Bow Saw
25:42 Elite Skirmisher
27:19 Fletching
27:30 Padded Archer Armor
29:42 Bodkin Arrow
30:02 Leather Archer Armor
30:37 Hand Cart
31:51 Forging
32:43 Heavy Plow
33:58 Thumb Ring
35:13 Town Watch
39:59 Imperial Age
37:32 Town Patrol
40:16 Elite Fire Lancer
41:00 Bracer
41:01 Scale Mail Armor
41:38 Iron Casting
42:41 Ballistics
42:18 Murder Holes
43:42 Elite Rattan Archer
46:59 Two-Man Saw
45:51 Gold Mining
45:52 Stone Mining
46:34 Crop Rotation
46:40 Ring Archer Armor
46:26 Chain Mail Armor
49:44 Paper Money
50:12 Squires
49:58 Arson
Mašinec
7:11 Loom
9:38 Feudal Age
11:03 Wheelbarrow
10:31 Double-Bit Axe
10:30 Horse Collar
19:42 Castle Age
26:07 Bow Saw
25:58 Heavy Plow
26:06 Elite Skirmisher
26:51 Thumb Ring
28:31 Fletching
32:59 Ballistics
33:50 Gold Mining
34:38 Bloodlines
34:30 Husbandry
37:36 Forging
37:33 Scale Barding Armor
38:56 Iron Casting
40:00 Hand Cart
39:30 Town Watch
41:57 Tuntian
42:45 Masonry
43:28 Chain Barding Armor
46:46 Imperial Age
44:53 Devotion
49:50 Ming Guang Armor
49:47 Conscription
50:35 Heavy Hei Guang Cavalry
52:13 Town Patrol
GreeX
7:01 Loom
9:37 Feudal Age
10:09 Double-Bit Axe
21:26 Castle Age
22:14 Scale Barding Armor
22:19 Forging
23:37 Chain Barding Armor
24:26 Gold Mining
25:02 Husbandry
25:42 Pikeman
30:10 Wheelbarrow
34:50 Iron Casting
44:45 Hand Cart
53:20 Elite Skirmisher
CazadorGT
7:25 Loom
10:22 Feudal Age
10:53 Double-Bit Axe
12:41 Forging
13:06 Scale Barding Armor
13:24 Horse Collar
22:04 Castle Age
20:45 Bloodlines
21:37 Fletching
22:57 Bodkin Arrow
23:32 Husbandry
23:34 Padded Archer Armor
26:01 Ballistics
29:14 Leather Archer Armor
30:54 Town Watch
31:27 Heavy Plow
31:38 Bow Saw
32:19 Stone Mining
34:06 Wheelbarrow
35:03 Chain Barding Armor
35:30 Thumb Ring
41:15 Imperial Age
39:12 Hand Cart
40:11 Gold Mining
43:00 Chemistry
41:24 Heavy Cavalry Archer
42:15 Bracer
44:30 Two-Man Saw
44:03 Parthian Tactics
44:50 Marauders
45:33 Plate Barding Armor
46:32 Iron Casting
46:10 Elite Tarkan
50:25 Blast Furnace
verbumdei76
5:10 Loom
11:08 Feudal Age
11:42 Double-Bit Axe
20:00 Castle Age
19:33 Gold Mining
19:25 Horse Collar
20:48 Fletching
23:49 Town Watch
41:26 Sanctity
46:55 Masonry
rodolfo casas noten¨o
5:50 Loom
7:20 Loom
10:55 Feudal Age
23:09 Castle Age
23:09 Double-Bit Axe
32:46 Wheelbarrow
32:46 Horse Collar
35:06 Hand Cart
36:34 Fletching
38:00 Scale Barding Armor
39:12 Chain Barding Armor
42:51 Gold Mining
43:41 Heavy Plow
46:44 Imperial Age
44:55 Gold Shaft Mining
Connection lost

Rejoining the realm…

Still unreachable

The connection could not be restored.

Session expired

The server has moved on; the page needs a fresh start.